 Dungeon Crawl Stone Soup version 0.27.0-1-g7a089689b8 (webtiles) character file.

Game seed: 15230096861854498215

1664 Descartes the Covert (level 8, -5/39 HPs)
             Began as a Spriggan Delver on Aug 14, 2021.
             Was an Initiate of Dithmenos.
             Slain by an orc warrior (10 damage)
             ... on level 7 of the Dungeon.
             The game lasted 00:18:58 (8458 turns).

Descartes the Covert (Spriggan Delver)              Turns: 8458, Time: 00:18:59

Health: -5/39      AC:  3    Str: 16    XL:     8   Next: 69%
Magic:  9/9        EV: 24    Int: 12    God:    Dithmenos [......]
Gold:   201        SH:  0    Dex: 16    Spells: 7/7 levels left

rFire    . . .     SeeInvis +   a - +0 rapier
rCold    + . .     Faith    .   (shield restricted)
rNeg     . . .     Spirit   .   n - +0 robe
rPois    .         Reflect  .   (helmet restricted)
rElec    .         Harm     .   D - +0 cloak
rCorr    .         Rampage  .   (gloves unavailable)
Will     +....                  (boots unavailable)
Stlth    +++++.....             (no amulet)
HPRegen  0.13/turn              s - ring of protection from cold
MPRegen  0.11/turn              C - +6 ring of strength

@: very quick
A: very small, no large weapons, unfitting armour, see invisible, speed 3
a: Renounce Religion


You were on level 7 of the Dungeon.
You worshipped Dithmenos.
Dithmenos was noncommittal.
You visited 2 branches of the dungeon, and saw 8 of its levels.

You collected 366 gold pieces.
You spent 165 gold pieces at shops.

Inventory:

Hand Weapons
 a - a +0 rapier (weapon)
 b - a +0 shortbow
Missiles
 k - 126 stones
 m - 60 bolts
 o - 61 poisoned darts
 v - a throwing net
 x - 7 boomerangs of dispersal (quivered)
 A - 7 atropa-tipped darts
 J - 43 sling bullets
Armour
 n - a +0 robe (worn)
 D - a +0 cloak (worn)
Magical Staves
 F - a staff of cold
Jewellery
 s - a ring of protection from cold (left hand)
 C - a +6 ring of strength (right hand)
Wands
 g - a wand of digging (10)
Scrolls
 c - 2 scrolls of fog
 d - 2 scrolls of magic mapping
 e - 4 scrolls of fear
 h - 5 scrolls of teleportation
 q - a scroll of vulnerability {unknown}
 r - a scroll of noise {unknown}
 w - a scroll of blinking {unknown}
 y - a scroll of amnesia {unknown}
 E - a scroll of enchant armour {unknown}
 G - a scroll of holy word {unknown}
 H - a scroll of immolation {unknown}
 M - a scroll of identify
Potions
 f - a potion of haste
 l - a potion of might {unknown}
 p - 2 potions of curing
 t - 2 potions of flight {unknown}
 u - a potion of attraction
 z - 2 potions of magic {unknown}
 B - a potion of mutation {unknown}
 I - a potion of degeneration {unknown}
 K - a potion of cancellation {unknown}
 L - a potion of invisibility {unknown}


   Skills:
 - Level 2.4 Fighting
 - Level 3.0 Short Blades
 - Level 3.0 Bows
 + Level 11.1 Dodging
 - Level 12.0 Stealth


You had 7 spell levels left.
You didn't know any spells.
Your spell library contained the following spells:

 Spells                   Type           Power      Damage    Failure   Level
 Conjure Flame            Conj/Fire      0%         6-21      69%         3
 Ignite Poison            Fire/Tmut/Pois 0%         N/A       69%         3
 Ozocubu's Armour         Ice            0%         N/A       69%         3
 Sticky Flame             Conj/Fire      0%         2d3       97%         4
 Ozocubu's Refrigeration  Ice            0%         4d5       100%        7


Dungeon Overview and Level Annotations

Branches:
Dungeon (7/15)             Temple (1/1) D:7

Altars:
Ashenzari
Cheibriados
Dithmenos
Elyvilon
Gozag
Hepliaklqana
Kikubaaqudgha
Makhleb
Nemelex Xobeh
Okawaru
Qazlal
Sif Muna
Trog
Uskayaw
Vehumet
Wu Jian
Xom
Zin
The Shining One

Shops:
D:2 *   D:7 [

Annotations:
D:3 2 transporters, Mandevil's ghost, amateur VSBr
D:4 2 transporters
D:6 exclusion: door


Innate Abilities, Weirdness & Mutations

You are very small and have problems with some larger weapons.
You are too small for most types of armour.
You have supernaturally acute eyesight. (SInv)
You cover ground extremely quickly. (Speed+++)


Message History

The orc warrior closely misses you.
You shoot an arrow.
The arrow barely misses the orc warrior.
The orc warrior barely misses you. The orc warrior completely misses you.
a - a +0 rapier (weapon)
The orc warrior completely misses you.
You hit the orc warrior but do no damage.
The orc warrior is lightly wounded.
The orc warrior misses you.
You hit the orc warrior but do no damage.
The orc warrior is lightly wounded.
The orc warrior completely misses you.
You closely miss the orc warrior.
The orc warrior is lightly wounded.
The orc warrior barely misses you.
You closely miss the orc warrior.
The orc warrior is lightly wounded.
The orc warrior hits you with a +0 halberd!
You hit the orc warrior but do no damage.
The orc warrior is lightly wounded.
The orc warrior completely misses you.
You hit the orc warrior but do no damage.
The orc warrior is lightly wounded.
The orc warrior misses you.
You barely miss the orc warrior.
The orc warrior is lightly wounded.
The orc warrior misses you.
You barely miss the orc warrior.
The orc warrior is lightly wounded.
The orc warrior misses you.
You hit the orc warrior but do no damage.
The orc warrior is lightly wounded.
The orc warrior hits you with a +0 halberd!!
Ouch! That really hurt!
* * * LOW HITPOINT WARNING * * *
You hit the orc warrior.
The orc warrior is moderately wounded.
The orc warrior completely misses you.
The orc warrior hits you from afar with a +0 halberd!
You die...

#.# #.....#.# #.# #(#
#.....#.# #.# #.#
###.###.# #.### #(# #.#
#.# #...# #o# #.# #.#
###.# #.# #.# #.# #.#
#.##### #.# #.# #.#
#..o..# #.# #.######.#
#####@###.###..Y......
#..<.............#
#########.##############
#....[.....#
#.#######..# #########
#.# #..# #........ #.#
###..#####.######. #.#
#......)...#####.. #.#
#.#..............#


You could see an orc warrior.

Vanquished Creatures
  A water moccasin (D:7)
  A sky beast (D:6)
  4 ogres
  A necrophage (D:4)
  A centaur (D:4)
  A phantom (D:5)
  2 kobold brigands
  3 scorpions
  3 hounds
  2 jellies (D:6)
  2 orc priests
  3 bullfrog skeletons
  3 orc wizards
  A howler monkey skeleton (D:7)
  8 adders
  A worm (D:2)
  A dart slug (D:1)
  21 orcs
  8 endoplasms
  A giant cockroach (D:3)
  8 goblins
  2 hobgoblins (D:1)
  8 jackals
  5 quokkas
  10 ball pythons
  11 bats
  7 frilled lizards
  15 kobolds
  4 rats
138 creatures vanquished.

Vanquished Creatures (others)
  A human (D:3)
  6 plants (D:3)
7 creatures vanquished.

Grand Total: 145 creatures vanquished

Notes
Turn   | Place    | Note
-------+----------+-------------------------------------------
     0 | D:5      | Descartes the Spriggan Delver began the quest for the Orb.
     0 | D:5      | Reached XP level 1. HP: 11/11 MP: 2/2
    60 | D:5      | Reached skill level 8 in Stealth
    60 | D:5      | Reached XP level 2. HP: 4/16 MP: 3/3
   336 | D:5      | Reached skill level 9 in Stealth
   336 | D:5      | Reached XP level 3. HP: 19/19 MP: 4/4
   344 | D:5      | You fall into a shaft and drop 1 floor!
   412 | D:6      | Noticed an ogre
   423 | D:6      | Killed an ogre
   424 | D:6      | Reached skill level 10 in Stealth
   424 | D:6      | Reached XP level 4. HP: 20/23 MP: 5/5
   424 | D:6      | Reached XP level 5. HP: 24/27 MP: 6/6
   537 | D:6      | Noticed a sky beast
   537 | D:6      | Noticed a black bear
   538 | D:6      | Noticed a black bear
   539 | D:6      | Noticed a phantom
   664 | D:4      | Found a transporter.
   679 | D:4      | Found a transporter.
   764 | D:3      | Noticed Mandevil's ghost (amateur VSBr)
   815 | D:3      | Found a transporter.
   815 | D:3      | Found a transporter.
  1587 | D:2      | Found Udool's General Store.
  1591 | D:2      | Bought a scroll of identify for 22 gold pieces
  1591 | D:2      | Bought a potion of ambrosia for 88 gold pieces
  1591 | D:2      | Bought a scroll of teleportation for 33 gold pieces
  1633 | D:2      | Reached skill level 11 in Stealth
  1947 | D:1      | Found a faded altar of an unknown god.
  2281 | D:1      | Reached XP level 6. HP: 31/32 MP: 7/7
  2699 | D:2      | Bought a scroll of identify for 22 gold pieces
  3026 | D:3      | Found an ancient bone altar of Kikubaaqudgha.
  3029 | D:3      | Noticed a human
  3030 | D:3      | Killed a human
  3526 | D:4      | Reached skill level 1 in Bows
  4215 | D:4      | Reached skill level 5 in Dodging
  4215 | D:4      | Reached XP level 7. HP: 35/35 MP: 8/8
  4610 | D:5      | Reached skill level 12 in Stealth
  5558 | D:6      | Reached XP level 8. HP: 39/39 MP: 9/9
  6750 | D:7      | Found Opapsill's Antique Armour Emporium.
  6799 | D:7      | Found a staircase to the Ecumenical Temple.
  6811 | Temple   | Entered the Ecumenical Temple
  7056 | Temple   | Became a worshipper of Dithmenos the Shadowed
  7512 | D:7      | Reached skill level 10 in Dodging
  8458 | D:7      | Slain by an orc warrior

Illustrated notes

Levels and vault maps discovered:
D:1:      erik_arrival_orb_chamber, layout_basic,
          chequers_ecumenical_altar_simple
D:2:      wad_crossroads, layout_loops_ring, serial_shops, shop,
          kennysheep_generic_room_8
D:3:      layout_rooms, tgw_kikubaaqudgha, gammafunk_ghost_gnarly_gnolls,
          corexii_corridor_pit, chequers_serial_rivers_micro_c
D:4:      gammafunk_steamed_eel, layout_basic
D:5:      layout_basic, chequers_hall_statues_y
D:6:      layout_basic, grunt_tough_drop
D:7:      layout_loops_ring, minmay_temple_entry_proselytizer, serial_shops,
          shop_fountains, kennysheep_cross_bottleneck, minmay_misc_feat_rugged
Temple:   dpeg_five_rooms_temple

Skill      XL: |  1  2  3  4  5  6  7  8 |
---------------+-------------------------+-----
Stealth        | 8 9 10 11 12 | 12.0
Dodging        | 3 5 8 11 | 11.1
Bows           | 2 3 |  3.0
Short Blades   | 3 |  3.0
Fighting       | |  2.4

Action                   |  1- 3 |  4- 6 |  7- 9 || total
-------------------------+-------+-------+-------++-------
Melee: Short sword       |    13 |       |       ||    13
       Rapier            |       |   165 |    57 ||   222
 Fire: Shortbow          |       |    66 |   224 ||   290
  Use: Scroll            |       |     2 |     1 ||     3
       Potion            |       |     1 |     3 ||     4
 Stab: Distracted        |     1 |       |       ||     1
       Sleeping          |     2 |    27 |     3 ||    32
Armor: Robe              |       |    19 |     2 ||    21
Dodge: Dodged            |     8 |   161 |    79 ||   248
